Dernière mise à jour: 2025-12-07 16:11:59
% Time on Ice - KANSAS CITY KILLERBEES
Lines # - Real PCT - Wanted PCT - Time Play
Normal Forward
1 - 33% - 35% - 17:47
2 - 32% - 33% - 16:53
3 - 27% - 27% - 14:08
4 - 8% - 5% - 4:22
Normal Defense
1 - 38% - 37% - 20:07
2 - 34% - 33% - 17:59
3 - 25% - 24% - 13:06
4 - 4% - 6% - 1:58
PP Forward
1 - 63% - 55% - 3:04
2 - 37% - 45% - 1:47
PP Defense
1 - 63% - 60% - 3:04
2 - 37% - 40% - 1:47
PK Forward
1 - 67% - 55% - 1:20
2 - 33% - 45% - 0:39
PK Defense
1 - 76% - 55% - 1:31
2 - 24% - 45% - 0:28
PK3 Forward
1 - 0% - 55%
2 - 0% - 45%
PK3 Defense
1 - 0% - 55%
2 - 0% - 45%
44 Forward
1 - 0% - 55%
2 - 0% - 45%
44 Defense
1 - 0% - 55%
2 - 0% - 45%
Last Minute Offensive  - 0:00
Last Minute Defensive  - 0:00
Total
Forward - 60:00
Defense - 60:00
% Time on Ice - CALGARY FIREMEN
Lines # - Real PCT - Wanted PCT - Time Play
Normal Forward
1 - 33% - 36% - 17:20
2 - 30% - 31% - 16:11
3 - 30% - 23% - 15:44
4 - 7% - 10% - 3:55
Normal Defense
1 - 36% - 36% - 19:12
2 - 33% - 31% - 17:26
3 - 23% - 23% - 12:24
4 - 8% - 10% - 4:08
PP Forward
1 - 33% - 55% - 0:39
2 - 67% - 45% - 1:20
PP Defense
1 - 33% - 55% - 0:39
2 - 67% - 45% - 1:20
PK Forward
1 - 62% - 55% - 3:01
2 - 38% - 45% - 1:50
PK Defense
1 - 50% - 55% - 2:25
2 - 50% - 45% - 2:26
PK3 Forward
1 - 0% - 55%
2 - 0% - 45%
PK3 Defense
1 - 0% - 55%
2 - 0% - 45%
44 Forward
1 - 0% - 55%
2 - 0% - 45%
44 Defense
1 - 0% - 55%
2 - 0% - 45%
Last Minute Offensive  - 0:00
Last Minute Defensive  - 0:00
Total
Forward - 60:00
Defense - 60:00
Play-by-Play 1st period 0:01 of 1st period - Andrew Copp wins face-off versus Filip Forsberg in neutral zone. 0:13 of 1st period - Shot by Filip Forsberg. 0:13 of 1st period - Deflect By Chris Kreider. 0:13 of 1st period - Shot Misses the Net. 0:42 of 1st period - Icing by Mattias Ekholm. 0:43 of 1st period - Tyler Johnson wins face-off versus Filip Forsberg in KANSAS CITY KILLERBEES zone. 2:48 of 1st period - Shot by Nicholas Paul. 2:48 of 1st period - Stopped by Samuel Ersson with a rebound. 2:50 of 1st period - Shot by Philipp Kurashev. 2:50 of 1st period - Deflect By Nicholas Paul. 2:50 of 1st period - Goal by Nicholas Paul - KANSAS CITY KILLERBEES : 1 - CALGARY FIREMEN : 0. 2:51 of 1st period - Morgan Barron wins face-off versus Brett Howden in neutral zone. 2:51 of 1st period - Alexis Lafreniere is hit by Andrew Copp and loses puck. 3:03 of 1st period - Alexis Lafreniere is hit by Jake McCabe and loses puck. 3:18 of 1st period - Shot by Mattias Ekholm. 3:18 of 1st period - Stopped by Samuel Ersson without a rebound. 3:19 of 1st period - Nicholas Paul wins face-off versus Tyler Johnson in CALGARY FIREMEN zone. 3:24 of 1st period - Shot by Fabian Zetterlund. 3:24 of 1st period - Stopped by Samuel Ersson without a rebound. 3:25 of 1st period - Nicholas Paul wins face-off versus Andrew Copp in CALGARY FIREMEN zone. 3:59 of 1st period - Shot by Andrew Copp. 3:59 of 1st period - Stopped by Ilya Samsonov without a rebound. 4:00 of 1st period - Tyler Johnson wins face-off versus Brock Boeser in KANSAS CITY KILLERBEES zone. 4:09 of 1st period - Shot by Tyler Johnson. 4:09 of 1st period - Shot Misses the Net. 4:54 of 1st period - Minor Penalty to Martin Fehervary for Holding. 4:55 of 1st period - Andrew Copp wins face-off versus Filip Forsberg in CALGARY FIREMEN zone. 4:55 of 1st period - Andrew Copp is hit by Filip Forsberg. 5:09 of 1st period - Shot by Chris Kreider. 5:09 of 1st period - Shot Blocked by Rasmus Sandin. 5:11 of 1st period - Shot by Chris Kreider. 5:11 of 1st period - Shot Misses the Net. 5:13 of 1st period - Shot by Mattias Ekholm. 5:13 of 1st period - Shot Misses the Net. 5:15 of 1st period - Shot by Brock Boeser. 5:15 of 1st period - Stopped by Samuel Ersson with a rebound. 5:47 of 1st period - Shot by Philipp Kurashev. 5:47 of 1st period - Goal by Philipp Kurashev - KANSAS CITY KILLERBEES : 2 - CALGARY FIREMEN : 0. 5:48 of 1st period - Ryan Johansen wins face-off versus Morgan Barron in neutral zone. 6:05 of 1st period - Shot by Ryan Johansen. 6:05 of 1st period - Shot Misses the Net. 7:01 of 1st period - Off-side. 7:02 of 1st period - Nicholas Paul wins face-off versus Andrew Copp in neutral zone. 7:15 of 1st period - Shot by Philipp Kurashev. 7:15 of 1st period - Stopped by Samuel Ersson without a rebound. 7:16 of 1st period - Boone Jenner wins face-off versus Michael McCarron in CALGARY FIREMEN zone. 7:27 of 1st period - Shot by Boone Jenner. 7:27 of 1st period - Shot Misses the Net. 7:59 of 1st period - Shot by Connor Bedard. 7:59 of 1st period - Shot Misses the Net. 8:01 of 1st period - Shot by Boone Jenner. 8:01 of 1st period - Shot Misses the Net. 8:31 of 1st period - Shot by Filip Forsberg. 8:31 of 1st period - Deflect By Jordan Kyrou. 8:31 of 1st period - Shot Misses the Net. 8:33 of 1st period - Shot by Jordan Kyrou. 8:33 of 1st period - Shot Misses the Net. 8:57 of 1st period - Shot by Chris Kreider. 8:57 of 1st period - Deflect By Filip Forsberg. 8:57 of 1st period - Stopped by Samuel Ersson without a rebound. 8:58 of 1st period - Fabian Zetterlund wins face-off versus Andrew Copp in CALGARY FIREMEN zone. 9:25 of 1st period - Shot by Philipp Kurashev. 9:25 of 1st period - Stopped by Samuel Ersson without a rebound. 9:26 of 1st period - Boone Jenner wins face-off versus Ryan Johansen in CALGARY FIREMEN zone. 9:39 of 1st period - Shot by Brock Boeser. 9:39 of 1st period - Deflect By Boone Jenner. 9:39 of 1st period - Shot Misses the Net. 9:49 of 1st period - Shot by Connor Bedard. 9:49 of 1st period - Stopped by Samuel Ersson with a rebound. 9:51 of 1st period - Shot by Boone Jenner. 9:51 of 1st period - Shot Misses the Net. 10:50 of 1st period - Shot by Andrew Copp. 10:50 of 1st period - Shot Hit the Post. 11:00 of 1st period - Shot by Filip Forsberg. 11:00 of 1st period - Stopped by Samuel Ersson with a rebound. 11:02 of 1st period - Shot by K'Andre Miller. 11:02 of 1st period - Shot Misses the Net. 11:04 of 1st period - Shot by Chris Kreider. 11:04 of 1st period - Stopped by Samuel Ersson without a rebound. 11:05 of 1st period - Nicholas Paul wins face-off versus Tyler Johnson in CALGARY FIREMEN zone. 12:15 of 1st period - Shot by Boone Jenner. 12:15 of 1st period - Shot Misses the Net. 12:43 of 1st period - Shot by Boone Jenner. 12:43 of 1st period - Shot Blocked by Ryan Graves. 13:16 of 1st period - Icing by Jordan Kyrou. 13:17 of 1st period - Filip Forsberg wins face-off versus Ryan Johansen in KANSAS CITY KILLERBEES zone. 13:50 of 1st period - Shot by Ryan Johansen. 13:50 of 1st period - Shot Blocked by Janis Moser. 14:21 of 1st period - Icing by Mattias Ekholm. 14:22 of 1st period - Nicholas Paul wins face-off versus Tyler Johnson in KANSAS CITY KILLERBEES zone. 14:29 of 1st period - Shot by Mattias Ekholm. 14:29 of 1st period - Stopped by Samuel Ersson without a rebound. 14:30 of 1st period - Nicholas Paul wins face-off versus Tyler Johnson in CALGARY FIREMEN zone. 14:39 of 1st period - Shot by Nicholas Paul. 14:39 of 1st period - Goal by Nicholas Paul - KANSAS CITY KILLERBEES : 3 - CALGARY FIREMEN : 0. 14:40 of 1st period - Fabian Zetterlund wins face-off versus Brett Howden in neutral zone. 15:02 of 1st period - Shot by Philipp Kurashev. 15:02 of 1st period - Stopped by Samuel Ersson without a rebound. 15:03 of 1st period - Filip Forsberg wins face-off versus Michael McCarron in CALGARY FIREMEN zone. 15:08 of 1st period - Shot by Chris Kreider. 15:08 of 1st period - Shot Misses the Net. 15:13 of 1st period - Off-side. 15:14 of 1st period - Calle Jarnkrok wins face-off versus Boone Jenner in neutral zone. 15:44 of 1st period - Icing by Sean Walker. 15:45 of 1st period - Boone Jenner wins face-off versus Tyler Johnson in KANSAS CITY KILLERBEES zone. 15:50 of 1st period - Shot by Brock Boeser. 15:50 of 1st period - Shot Misses the Net. 16:10 of 1st period - Shot by Boone Jenner. 16:10 of 1st period - Deflect By Connor Bedard. 16:10 of 1st period - Stopped by Samuel Ersson with a rebound. 16:37 of 1st period - Icing by Jared Spurgeon. 16:38 of 1st period - Nicholas Paul wins face-off versus Tyler Johnson in CALGARY FIREMEN zone. 17:44 of 1st period - Off-side. 17:45 of 1st period - Andrew Copp wins face-off versus Brock Boeser in neutral zone. 18:42 of 1st period - Icing by K'Andre Miller. 18:43 of 1st period - Boone Jenner wins face-off versus Ryan Johansen in KANSAS CITY KILLERBEES zone. 19:04 of 1st period - Icing by Ryan Johansen. 19:05 of 1st period - Fabian Zetterlund wins face-off versus Ryan Johansen in CALGARY FIREMEN zone. 19:16 of 1st period - Shot by Fabian Zetterlund. 19:16 of 1st period - Shot Misses the Net. 19:18 of 1st period - Shot by Janis Moser. 19:18 of 1st period - Shot Misses the Net. 19:20 of 1st period - Shot by Fabian Zetterlund. 19:20 of 1st period - Shot Misses the Net. 19:22 of 1st period - Shot by Janis Moser. 19:22 of 1st period - Stopped by Samuel Ersson without a rebound. 19:23 of 1st period - Andrew Copp wins face-off versus Filip Forsberg in CALGARY FIREMEN zone. 19:34 of 1st period - Shot by Andrew Copp. 19:34 of 1st period - Stopped by Ilya Samsonov without a rebound. 19:35 of 1st period - Nicholas Paul wins face-off versus Brett Howden in KANSAS CITY KILLERBEES zone. 19:47 of 1st period - Philipp Kurashev is hit by Jake McCabe and loses puck. 19:54 of 1st period - Shot by Nicholas Paul. 19:54 of 1st period - Shot Blocked by Jared Spurgeon. Goals for this period are 3 for KANSAS CITY KILLERBEES vs 0 for CALGARY FIREMEN. Shots for this period are 17 for KANSAS CITY KILLERBEES vs 2 for CALGARY FIREMEN. 2nd period 0:01 of 2nd period - Calle Jarnkrok wins face-off versus Jordan Kyrou in neutral zone. 0:06 of 2nd period - Shot by Andrew Copp. 0:06 of 2nd period - Shot Blocked by Ivan Provorov. 0:08 of 2nd period - Shot by Andrew Copp. 0:08 of 2nd period - Shot Misses the Net. 0:19 of 2nd period - Icing by Mattias Ekholm. 0:20 of 2nd period - Tyler Johnson wins face-off versus Filip Forsberg in KANSAS CITY KILLERBEES zone. 1:13 of 2nd period - Shot by Andrew Copp. 1:13 of 2nd period - Shot Blocked by Jordan Kyrou. 2:18 of 2nd period - Icing by Ryan Johansen. 2:19 of 2nd period - Boone Jenner wins face-off versus Liam Foudy in CALGARY FIREMEN zone. 2:29 of 2nd period - Boone Jenner is hit by Darren Raddysh and loses puck. 2:42 of 2nd period - Shot by Brock Boeser. 2:42 of 2nd period - Shot Misses the Net. 2:44 of 2nd period - Shot by Janis Moser. 2:44 of 2nd period - Stopped